 Dungeon Crawl Stone Soup version 0.17.1-1-g73c8601 (webtiles) character file.

5553 Holeefuk the Protected (level 10, -6/88 HPs)
             Began as a Hill Orc Fighter on Dec 11, 2015.
             Was a Priest of the Shining One.
             Mangled by a komodo dragon (28 damage)
             ... on level 1 of the Lair of Beasts.
             The game lasted 00:37:09 (6774 turns).

Holeefuk the Protected (Hill Orc Fighter)           Turns: 6774, Time: 00:37:09

Health: -6/88      AC: 10    Str: 23    XL:     10   Next: 71%
Magic:  10/10      EV:  9    Int:  6    God:    the Shining One [***...]
Gold:   574        SH: 17    Dex: 12    Spells: 0 memorised, 9 levels left

rFire  . . .     SeeInvis .     B - +5 hand axe
rCold  . . .     Rnd*Rage +     b - +0 scale mail
rNeg   + . .     SustAt   .     H - +2 large shield
rPois  +         Gourm    .     (helmet restricted)
rElec  .         Spirit   .     M - +0 cloak
rCorr  .         Warding  .     (no gloves)
rMut   .         Stasis   .     (no boots)
MR     .....                    (no amulet)
Stlth  ..........               n - ring of poison resistance
                                (no ring)

@: glowing, not resistant to hostile enchantments, extremely unstealthy
A: horns 1, agile 1, berserk 1, dopey 1
a: Divine Shield, Renounce Religion


You were on level 1 of the Lair of Beasts.
You worshipped the Shining One.
The Shining One was most pleased with you.
You were very hungry.

You visited 3 branches of the dungeon, and saw 12 of its levels.

You collected 655 gold pieces.
You spent 81 gold pieces at shops.

Inventory:

Hand Weapons
 B - a +5 hand axe (weapon)
Armour
 b - a +0 scale mail (worn)
 H - a +2 large shield (worn)
 M - a +0 cloak (worn)
Jewellery
 j - an uncursed ring of fire {unknown}
 n - a ring of poison resistance (right hand)
 K - an uncursed ring of magical power
Wands
 v - a wand of polymorph (18)
 D - a wand of lightning (6)
Scrolls
 g - 5 scrolls of remove curse
 h - a scroll of holy word {unknown}
 i - a scroll of fear {unknown}
 k - a scroll of amnesia
 l - 8 scrolls of identify
 o - 5 scrolls of fog
 p - a scroll of blinking {unknown}
 s - 3 scrolls of teleportation
 u - 2 scrolls of recharging {unknown}
 w - a scroll of magic mapping {unknown}
 C - a scroll of silence {unknown}
 J - a scroll of enchant armour {unknown}
Potions
 c - a potion of haste {unknown}
 d - a potion of might
 m - a potion of curing
 q - a potion of ambrosia {unknown}
 t - a potion of mutation {unknown}
 z - a potion of agility {unknown}
 E - a potion of lignification {unknown}
 F - a potion of flight {unknown}
 G - 2 potions of heal wounds
 L - a potion of magic {unknown}
Comestibles
 a - 3 beef jerkies
 e - 9 bread rations
 f - 7 meat rations
 A - 3 slices of pizza
 I - 13 fruits


   Skills:
 - Level 8.3 Fighting
 - Level 8.7 Axes
 + Level 9.7 Armour
 - Level 7.5 Dodging
 - Level 5.4 Shields


You had 9 spell levels left.
You didn't know any spells.

Dungeon Overview and Level Annotations

Branches:
Dungeon (10/15)            Temple (1/1) D:4            Lair (1/8) D:10
    Orc: D:9-12

Altars:
Ashenzari
Cheibriados
Dithmenos
Elyvilon
Fedhas
Gozag
Kikubaaqudgha
Makhleb
Nemelex Xobeh
Okawaru
Qazlal
Ru
Sif Muna
Trog
Vehumet
Xom
Yredelemnul
Zin
The Shining One

Shops:
D:5 (   D:6 =


Innate Abilities, Weirdness & Mutations

You have a pair of small horns on your head.
You are agile. (Dex +2)
You tend to lose your temper in combat.
You are dopey. (Int -2)


Message History

You hit the komodo dragon but do no damage.
You headbutt the komodo dragon, but do no damage.
The komodo dragon is heavily wounded.
You block the komodo dragon's attack.
Unknown command.
You hit the komodo dragon but do no damage.
You headbutt the komodo dragon.
The komodo dragon is heavily wounded.
The komodo dragon bites you!!
* * * LOW HITPOINT WARNING * * *
Unknown command.
You slash the komodo dragon!
You headbutt the komodo dragon, but do no damage.
The komodo dragon is severely wounded.
You block the komodo dragon's attack.
You slash the komodo dragon!
You headbutt the komodo dragon, but do no damage.
The komodo dragon is almost dead.
The komodo dragon bites you!!
You die...

............#⌠.>.⌠.......
..........###.....###.###
.........#####....###...#
............###+.##......
.........##.......#.#....
........##..........####.
.......##....#####.......
......##..#..#....#....#.
.######.@##.............#
###P#.l#...⌠...⌠...#...
..............⌠.....#...
.....#..#...⌠...⌠...# .#
.....#.............## ..
.#P# ##......... ##
##......## ##......
.#....


You could see a komodo dragon.

Vanquished Creatures
  2 hill giants (D:10)
  Maurice (D:9)
  A two-headed ogre (D:8)
  2 hippogriffs (D:9)
  Eustachio (D:5)
  A hungry ghost (D:9)
  A water moccasin (Lair:1)
  2 orc warriors
  A phantom (D:7)
  2 ice beasts
  2 sky beasts
  3 black bears (D:6)
  3 ogres
  A centaur (D:9)
  A wasp (D:9)
  A crocodile (D:10)
  A big kobold (D:7)
  3 giant frogs
  3 scorpions
  3 wights (D:6)
  A quasit (D:8)
  5 crimson imps
  A jelly (D:8)
  2 centaur zombies
  6 orc priests
  A giant frog skeleton (D:6)
  3 orc wizards
  4 hell rats (D:10)
  3 iguanas
  7 worker ants
  7 sheep (Lair:1)
  A hound zombie (D:8)
  A worker ant zombie (D:9)
  8 river rats
  11 adders
  10 gnolls
  2 shadow imps
  2 worms
  2 giant geckos (D:5)
  20 orcs
  A ball python (D:2)
  10 bats
  7 giant cockroaches
  7 hobgoblins
  13 jackals
  17 kobolds
  6 quokkas
  A giant gecko skeleton (D:5)
  5 giant newts
  8 goblins
  A jackal zombie (D:5)
  2 quokka skeletons
  4 rats
214 creatures vanquished.

Notes
Turn   | Place    | Note
--------------------------------------------------------------
     0 | D:1      | Holeefuk the Hill Orc Fighter began the quest for the Orb.
     0 | D:1      | Reached XP level 1. HP: 19/19 MP: 1/1
    92 | D:1      | Reached XP level 2. HP: 23/26 MP: 2/2
   175 | D:1      | Reached skill level 4 in Axes
   580 | D:2      | Reached XP level 3. HP: 5/31 MP: 3/3
   784 | D:2      | Reached skill level 5 in Axes
   971 | D:2      | Reached XP level 4. HP: 33/39 MP: 4/4
  1188 | D:3      | Reached skill level 6 in Axes
  1346 | D:3      | Reached XP level 5. HP: 34/45 MP: 5/5
  1347 | D:3      | Reached skill level 7 in Axes
  1717 | D:3      | Reached XP level 6. HP: 8/55 MP: 6/6
  1846 | D:3      | Reached skill level 5 in Fighting
  2432 | D:4      | Found a staircase to the Ecumenical Temple.
  2447 | Temple   | Entered the Ecumenical Temple
  2620 | Temple   | Became a worshipper of the Shining One
  2664 | D:4      | Reached XP level 7. HP: 57/61 MP: 7/7
  2890 | D:4      | Reached skill level 5 in Armour
  2980 | D:5      | Entered Level 5 of the Dungeon
  2987 | D:5      | Noticed Eustachio
  3152 | D:5      | Reached skill level 1 in Dodging
  3242 | D:5      | Found Bimm's Antique Weapon Boutique.
  3263 | D:5      | Bought a glowing hand axe for 81 gold pieces
  3270 | D:5      | Reached * piety under the Shining One
  3357 | D:5      | Killed Eustachio
  3357 | D:5      | Reached skill level 5 in Shields
  3362 | D:5      | Reached XP level 8. HP: 54/68 MP: 8/8
  4088 | D:6      | Found a shattered altar of Ashenzari.
  4147 | D:6      | Reached ** piety under the Shining One
  4180 | D:6      | Reached skill level 8 in Fighting
  4209 | D:6      | Found Gaumad's Jewellery Shoppe.
  4291 | D:6      | Reached XP level 9. HP: 76/81 MP: 9/9
  4660 | D:7      | Found an iron altar of Okawaru.
  4805 | D:7      | Reached skill level 5 in Dodging
  5203 | D:8      | Found a burning altar of Makhleb.
  5237 | D:8      | Found a blossoming altar of Fedhas.
  5697 | D:8      | Gained mutation: You tend to lose your temper in combat. [mutagenic meat]
  5698 | D:8      | Gained mutation: You have a pair of small horns on your head. [mutagenic meat]
  5699 | D:8      | Gained mutation: You are agile. (Dex +2) [mutagenic meat]
  5700 | D:8      | Gained mutation: You are dopey. (Int -2) [mutagenic meat]
  5760 | D:9      | Noticed Maurice
  5790 | D:9      | Killed Maurice
  5790 | D:9      | Reached XP level 10. HP: 88/88 MP: 10/10
  6036 | D:9      | Reached *** piety under the Shining One
  6186 | D:9      | Found a deep blue altar of Sif Muna.
  6186 | D:9      | Found an opulent altar of Gozag.
  6186 | D:9      | Found a shadowy altar of Dithmenos.
  6195 | D:9      | Found a snail-covered altar of Cheibriados.
  6201 | D:9      | Found a sacrificial altar of Ru.
  6202 | D:9      | Found a bloodstained altar of Trog.
  6371 | D:10     | Entered Level 10 of the Dungeon
  6383 | D:10     | Found a staircase to the Lair.
  6388 | D:10     | Noticed a hill giant
  6433 | D:10     | Killed a hill giant
  6476 | D:10     | Noticed a hill giant
  6490 | D:10     | Killed a hill giant
  6490 | D:10     | Reached skill level 9 in Armour
  6496 | Lair:1   | Entered Level 1 of the Lair of Beasts
  6774 | Lair:1   | Mangled by a komodo dragon

Action                   |  1- 3 |  4- 6 |  7- 9 | 10-12 || total
-------------------------+-------+-------+-------+-------++-------
Melee: War axe           |   131 |   185 |    67 |       ||   383
       Hand axe          |       |       |   279 |   185 ||   464
Invok: Divine Shield     |       |       |     1 |     2 ||     3
  Use: Potion            |     1 |       |       |       ||     1
       Scroll            |       |       |       |     8 ||     8
  Eat: Chunk             |       |     4 |    13 |     5 ||    22
       Fruit             |       |       |     1 |     1 ||     2
       Royal jelly       |       |       |     1 |       ||     1
